 Dungeon Crawl Stone Soup version 0.28-a0-987-g8383568036 (webtiles) character file.

Game seed: 3549109267137248841

34146 EnegeticOcto the Cruncher (level 13, -3/118 HPs)
             Began as a Ghoul Wanderer on Dec 4, 2021.
             Was an Elder of Nemelex Xobeh.
             Slain by an eight-headed hydra (6 damage)
             ... on level 5 of the Lair of Beasts.
             The game lasted 00:47:14 (24497 turns).

EnegeticOcto the Cruncher (Ghoul Wanderer)         Turns: 24497, Time: 00:47:15

Health: -3/118     AC: 19    Str: 18    XL:     13   Next: 75%
Magic:  18/18      EV:  7    Int:  5    God:    Nemelex Xobeh [****..]
Gold:   2285       SH:  0    Dex: 13    Spells: 15/15 levels left

rFire   . . .      SeeInvis .   f - +0 quarterstaff (vamp)
rCold   + . .      Faith    .   (shield currently unavailable)
rNeg    + + +      Spirit   .   d - +0 plate armour
rPois   ∞          Reflect  .   (no helmet)
rElec   .          Harm     .   T - +0 cloak
rCorr   .          Rampage  .   b - +0 pair of gloves
Will    +....                   x - +2 pair of boots
Stlth   ..........              E - amulet of the acrobat
HPRegen 0.00/turn               t - +4 ring of slaying
MPRegen 0.16/turn               i - ring of willpower

@: frozen, inhibited regen, very slow
A: claws 1, cold resistance 1, negative energy resistance 3, inhibited
regeneration, torment resistance 2
a: Renounce Religion, Draw Escape, Draw Destruction, Draw Summoning, Draw Stack,
Triple Draw, Deal Four


You were on level 5 of the Lair of Beasts.
You worshipped Nemelex Xobeh.
Nemelex Xobeh was greatly pleased with you.
You visited 3 branches of the dungeon, and saw 17 of its levels.
You also visited: Ossuary.

You collected 2285 gold pieces.

Inventory:

Hand Weapons
 f - a +0 vampiric quarterstaff (weapon)
   (You found it on level 1 of the Dungeon)
 m - a +2 dagger of venom
   (You took it off a kobold on level 1 of the Dungeon)
 r - a +0 shortbow
   (You took it off a centaur on level 5 of the Dungeon)
Missiles
 h - 117 bolts
 n - 4 boomerangs (quivered)
 o - 360 arrows
 C - 22 poisoned darts
 G - 4 curare-tipped darts
Armour
 b - a +0 pair of gloves (worn)
   (You found it on level 6 of the Dungeon)
 d - a +0 plate armour (worn)
   (You found it on level 7 of the Dungeon)
 x - a +2 pair of boots (worn)
   (You found it on level 4 of the Lair of Beasts)
 T - a +0 cloak (worn)
   (You found it on level 1 of the Lair of Beasts)
Jewellery
 i - a ring of willpower (right hand)
   (You found it on level 11 of the Dungeon)
 t - a +4 ring of slaying (left hand)
   (You found it on level 3 of the Dungeon)
 D - a ring of see invisible
   (You found it on level 4 of the Lair of Beasts)
 E - an amulet of the acrobat (around neck)
   (You found it on level 1 of the Lair of Beasts)
 N - a ring of resist corrosion
   (You found it on level 1 of the Lair of Beasts)
Wands
 q - a wand of polymorph (5)
   (You found it on level 11 of the Dungeon)
 u - a wand of iceblast (17) {@v2}
   (You found it on level 3 of the Dungeon)
 z - a wand of mindburst (5)
   (You found it on level 5 of the Dungeon)
 B - a wand of acid (16) {@v1}
   (You found it on level 5 of the Dungeon)
 Q - a wand of charming (16)
   (You found it on level 9 of the Dungeon)
 R - a wand of paralysis (2)
   (You found it on level 10 of the Dungeon)
 S - a wand of flame (4) {@v4}
   (You found it on level 10 of the Dungeon)
Scrolls
 c - 4 scrolls of teleportation {@r3 !r}
 e - 2 scrolls of blinking {@r4}
 g - 2 scrolls of immolation
 l - a scroll of silence
 A - a scroll of fog {!r}
 L - 2 scrolls of summoning
 U - a scroll of brand weapon
Potions
 a - a potion of invisibility
 j - 3 potions of might {@q3 !q}
 s - 6 potions of curing {@q1 !q}
 v - 2 potions of attraction
 w - 5 potions of flight
 F - 4 potions of heal wounds {unknown}
 H - 4 potions of magic {unknown}
 I - a potion of cancellation {unknown}
 J - a potion of haste {unknown}
 K - 2 potions of ambrosia {unknown}
 M - a potion of berserk rage {unknown}
 O - 3 potions of resistance {unknown}
Miscellaneous
 k - a phantom mirror
   (You found it on level 4 of the Lair of Beasts)
 y - a box of beasts
   (You found it on level 11 of the Dungeon)


   Skills:
 - Level 12.0 Fighting
 - Level 1.7 Axes
 - Level 14.0 Staves
 - Level 8.0 Armour
 + Level 3.8 Dodging
 - Level 3.0 Stealth
 - Level 1.7 Shields
 - Level 1.8 Unarmed Combat
 - Level 1.7 Spellcasting
 - Level 2.6 Transmutations
 - Level 9.0 Invocations
 - Level 4.0 Evocations


You had 15 spell levels left.
You didn't know any spells.
Your spell library contained the following spells:

 Spells                   Type           Power      Damage    Failure   Level
 Sandblast                Erth           0%         2d4       100%        1
 Sting                    Tmut/Pois      4%         1d3       100%        1
 Passwall                 Tmut/Erth      0%         N/A       100%        2
 Scorch                   Fire           0%         2d5       100%        2
 Frozen Ramparts          Ice            0%         1d2       100%        3
 Mephitic Cloud           Conj/Pois/Air  0%         N/A       100%        3
 Stone Arrow              Conj/Erth      0%         3d7       100%        3
 Flame Wave               Conj/Fire      0%         2d4       100%        4
 Petrify                  Tmut/Erth      1%         N/A       100%        4
 Summon Ice Beast         Ice/Summ       0%         N/A       100%        4
 Freezing Cloud           Conj/Ice/Air   0%         6-21      100%        5
 Simulacrum               Ice/Necr       0%         N/A       100%        6
 Summon Cactus Giant      Summ           0%         N/A       100%        6
 Polar Vortex             Ice            0%         N/A       100%        9
 Ice Form                 Ice/Tmut       Unusable   N/A       N/A         4

Dungeon Overview and Level Annotations

Branches:
Dungeon (11/15)            Temple (1/1) D:4            Lair (5/6) D:8
  Swamp (0/4) Lair:4       Spider (0/4) Lair:2      Ossuary (visited)
  Slime: Lair:5-6       Orc: D:9-12

Altars:
Ashenzari
Cheibriados
Hepliaklqana
Kikubaaqudgha
Makhleb
Nemelex Xobeh
Qazlal
Uskayaw
Yredelemnul
Zin
The Shining One

Annotations:
Lair:4 2 transporters, Peloso's ghost, journeyman MiFi


Innate Abilities, Weirdness & Mutations

You thrive by killing the living.
You are immune to poison.
You have sharp fingernails.
Your flesh is cold resistant. (rC+)
You are immune to negative energy. (rN+++)
You do not regenerate when monsters are visible.
You are immune to unholy pain and torment.


Message History

No target in view!
No target in view!
No target in view!
No target in view!
No target in view!
No target in view!
No target in view!
HP restored.
Found a book of the Dragon.
Found a stone staircase leading down.
Things that are here:
a komodo dragon corpse; a wolf corpse; a wolf corpse
O - 3 glowing dark potions (gained 1)
An eight-headed hydra comes into view.
The eight-headed hydra roars!
You hear a bellow!
Throw: 4 boomerangs
Press: ? - help, Q - select action, (/) - cycle Shift-Dir - straight line, f - eight-headed hydra
Aim: an eight-headed hydra (83% to hit)
You throw a boomerang.
The boomerang barely misses the eight-headed hydra.
A rime drake comes into view.
Throw: 4 boomerangs
Press: ? - help, Q - select action, (/) - cycle Shift-Dir - straight line, f/p - eight-headed hydra
Aim: an eight-headed hydra (82% to hit)
You throw a boomerang. The rime drake hisses angrily.
The boomerang hits the eight-headed hydra but does no damage.
A komodo dragon comes into view.
Throw: 4 boomerangs
Press: ? - help, Q - select action, (/) - cycle Shift-Dir - straight line, f/p - eight-headed hydra
Aim: an eight-headed hydra (83% to hit)
You throw a boomerang. The komodo dragon hisses angrily.
The boomerang hits the eight-headed hydra!
The eight-headed hydra is lightly wounded.
The rime drake breathes ice at you. The flash freeze hits you!
You partially resist.
You are encased in ice.
The ice encasing you melts away.
Things that are here:
a komodo dragon corpse; a wolf corpse; a wolf corpse Your plate armour prevents you from hitting the eight-headed hydra.
The eight-headed hydra is lightly wounded.
The eight-headed hydra bites you. The eight-headed hydra bites you!
The eight-headed hydra bites you but does no damage.
The eight-headed hydra completely misses you.
The eight-headed hydra bites you but does no damage.
The eight-headed hydra closely misses you.
The eight-headed hydra bites you but does no damage.
The eight-headed hydra bites you!
You are too injured to fight recklessly!
You are too injured to fight recklessly!
You thump the eight-headed hydra!
The eight-headed hydra is moderately wounded.
You sock the eight-headed hydra!
The eight-headed hydra is moderately wounded.
The eight-headed hydra closely misses you.
The eight-headed hydra bites you! x2; The eight-headed hydra bites you.
The eight-headed hydra completely misses you.
The eight-headed hydra bites you!
The eight-headed hydra bites you but does no damage.
The eight-headed hydra bites you!
You draw a card...
You have drawn the Elixir.
You begin rapidly regenerating health and magic.
The eight-headed hydra closely misses you.
The eight-headed hydra bites you. The eight-headed hydra bites you!
The eight-headed hydra completely misses you.
The eight-headed hydra bites you but does no damage.
The eight-headed hydra bites you!
* * * LOW HITPOINT WARNING * * *
The eight-headed hydra bites you but does no damage. x2
The rime drake breathes ice at you.
The flash freeze hits you but does no damage.
You are encased in ice.
Okay, then.
The eight-headed hydra completely misses you.
The eight-headed hydra closely misses you.
The eight-headed hydra bites you!
The eight-headed hydra bites you but does no damage.
The eight-headed hydra bites you.
The eight-headed hydra barely misses you.
The eight-headed hydra bites you but does no damage.
The eight-headed hydra bites you!
* * * LOW HITPOINT WARNING * * *
Okay, then.
Really read
p - a scroll of fear {!r}?
As you read the scroll of fear {!r}, it crumbles to dust.
You assume a fearsome visage.
The komodo dragon looks frightened!
The eight-headed hydra easily resists.
The eight-headed hydra bites you!
* * * LOW HITPOINT WARNING * * *
The eight-headed hydra bites you.
* * * LOW HITPOINT WARNING * * *
The eight-headed hydra closely misses you.
The eight-headed hydra bites you but does no damage.
The eight-headed hydra bites you!
* * * LOW HITPOINT WARNING * * *
The eight-headed hydra bites you.
* * * LOW HITPOINT WARNING * * *
The eight-headed hydra bites you.
You die...
Your body glows with a rainbow of weird colours and disappears.

## .. #... . . ..#####..
..##. .P....#.. ......
......... .......
P.......# .......####
P.......## ........#.##
........#. ........@#.#
.......<..
........#D####.....###.#.
..:......k.# ....P #..##
.........### #...## ##...
........## #....# #...
...#.#l..# #....# #...
.#.#.#..# #...## ##...
#.#.#..## #..†.# #....
........†####...# #....


You could see an eight-headed hydra, a komodo dragon (fleeing) and a rime drake.

Vanquished Creatures
  5 hydras
  A two-headed ogre (D:11)
  3 bog bodies (Lair:4)
  Pikel (D:9)
  A manticore (Lair:4)
  A cyclops (D:9)
  3 black mambas
  A water nymph (D:10)
  An elephant (D:7)
  4 cane toads
  3 rime drakes (Lair:4)
  6 komodo dragons
  The ghost of anet the Conjurer, a novice DECj (D:4)
  A troll (D:11)
  3 polar bears
  A hornet (Lair:4)
  Grinder (D:4)
  A meliai zombie (D:11)
  A slime creature (D:5)
  15 blink frogs
  A spriggan (Lair:4)
  3 shadows
  26 yaks
  2 wraiths
  7 wyverns
  A human (Lair:3)
  8 basilisks
  A human (shapeshifter) (D:11)
  A steam dragon (Lair:4)
  3 acid dragons
  A swamp worm (Lair:4)
  12 water moccasins
  Duvessa (D:6)
  A hell hound (Lair:4)
  2 orc warriors
  2 sky beasts (D:7)
  A necrophage (D:5)
  A boggart (D:11)
  An ice beast (D:7)
  An ogre (D:5)
  17 wolves
  A phantom (D:7)
  6 centaurs
  13 bullfrogs
  4 kobold brigands
  A gnoll sergeant (D:7)
  A water moccasin zombie (D:6)
  A wyvern skeleton (D:7)
  A water moccasin skeleton (D:6)
  Dowan (D:6)
  4 electric eels
  3 howler monkeys
  6 jellies
  2 centaur zombies
  2 bullfrog zombies (D:6)
  3 hounds
  5 orc priests
  A bullfrog skeleton (D:6)
  A gnoll shaman (D:6)
  A centaur skeleton (D:6)
  An iguana (D:6)
  3 hell rats (Lair:4)
  14 orc wizards
  A hound skeleton (D:5)
  8 mummies (Ossuary)
  12 gnolls
  9 adders
  A shadow imp (D:7)
  2 white imps
  2 ufetubi
  A worm (D:3)
  5 dart slugs
  28 orcs
  8 bats
  19 endoplasms
  3 giant cockroaches
  6 goblins
  4 hobgoblins
  16 kobolds
  3 quokkas
  4 ball pythons
  2 hobgoblin zombies (Ossuary)
  2 kobold zombies (Ossuary)
  4 orc zombies (Ossuary)
  7 rats
369 creatures vanquished.

Vanquished Creatures (collateral kills)
  A quicksilver ooze (Lair:4)
  A rime drake (Lair:4)
  A wyvern (Lair:4)
  A basilisk (Lair:4)
  An ice beast (D:7)
  An ogre (D:7)
  A wyvern skeleton (D:7)
  A water moccasin skeleton (D:7)
  A jelly (D:7)
  A centaur zombie (D:7)
  3 orc wizards (D:7)
  2 hell rats (Lair:4)
  An orc (D:7)
16 creatures vanquished.

Vanquished Creatures (others)
  36 fungi
  19 plants
55 creatures vanquished.

Grand Total: 440 creatures vanquished

Notes
Turn   | Place    | Note
-------+----------+-------------------------------------------
     0 | D:1      | EnegeticOcto the Ghoul Wanderer began the quest for the
                  | Orb.
     0 | D:1      | EnegeticOcto set off with the following items: a +0 club, a
                  | +0 robe, a scroll of teleportation {@r3 !r}; and the
                  | following spells available to memorise: Sting, Passwall,
                  | Sandblast, Mephitic Cloud, Stone Arrow, Petrify
     0 | D:1      | Reached XP level 1. HP: 16/16 MP: 2/2
     3 | D:1      | Learned a level 1 spell: Sting
    97 | D:1      | Reached skill level 1 in Unarmed Combat
   390 | D:1      | Reached skill level 1 in Stealth
   390 | D:1      | Reached XP level 2. HP: 23/23 MP: 0/3
   870 | D:1      | Reached XP level 3. HP: 28/28 MP: 0/4
  1060 | D:2      | Reached skill level 2 in Stealth
  1333 | D:2      | Reached skill level 1 in Staves
  1803 | D:2      | Reached XP level 4. HP: 35/35 MP: 5/5
  2067 | D:3      | Reached skill level 3 in Stealth
  2083 | D:3      | You fall into a shaft and drop 2 floors!
  2083 | D:5      | Entered Level 5 of the Dungeon
  2091 | D:5      | Noticed an ogre
  2110 | D:5      | Noticed a necrophage
  2121 | D:5      | Killed a necrophage
  2122 | D:5      | Reached skill level 2 in Fighting
  2122 | D:5      | Reached skill level 2 in Staves
  2122 | D:5      | Reached XP level 5. HP: 32/41 MP: 6/6
  2502 | D:4      | Found a staircase to the Ecumenical Temple.
  2512 | D:4      | Noticed Grinder
  2539 | Temple   | Entered the Ecumenical Temple
  2551 | Temple   | Became a worshipper of Nemelex Xobeh the Trickster
  2580 | Temple   | Reached skill level 3 in Staves
  3212 | D:3      | Reached XP level 6. HP: 50/50 MP: 7/7
  4111 | D:4      | Found a large runed translucent door.
  4111 | D:4      | Found a large runed translucent door.
  4222 | D:4      | Noticed anet's ghost (novice DECj)
  4320 | D:5      | Reached * piety under Nemelex Xobeh
  4353 | D:5      | Reached skill level 3 in Fighting
  4353 | D:5      | Reached skill level 4 in Staves
  4493 | D:5      | Reached XP level 7. HP: 58/58 MP: 6/8
  4712 | D:5      | Received a gift from Nemelex Xobeh
  5289 | D:4      | Killed anet's ghost
  5290 | D:4      | Reached skill level 4 in Fighting
  5290 | D:4      | Reached skill level 5 in Staves
  5500 | D:4      | Paralysed by Grinder for 4 turns
  5511 | D:4      | Killed Grinder
  5512 | D:4      | Reached skill level 5 in Fighting
  5512 | D:4      | Reached skill level 6 in Staves
  5512 | D:4      | Reached XP level 8. HP: 64/68 MP: 9/9
  6251 | D:6      | Reached skill level 7 in Staves
  6283 | D:6      | Noticed a wraith
  6321 | D:5      | Killed a wraith
  6322 | D:5      | Reached skill level 6 in Fighting
  6571 | D:6      | Noticed a slime creature
  6589 | D:5      | Killed a slime creature
  6590 | D:5      | Reached skill level 8 in Staves
  6590 | D:5      | Reached XP level 9. HP: 63/78 MP: 10/10
  7069 | D:6      | Reached ** piety under Nemelex Xobeh
  7145 | D:6      | Noticed Duvessa
  7148 | D:6      | Noticed Dowan
  7157 | D:6      | Killed Duvessa
  7158 | D:6      | Reached skill level 7 in Fighting
  7160 | D:6      | Killed Dowan
  7511 | D:7      | Received a gift from Nemelex Xobeh
  7550 | D:7      | Found a sand-covered staircase.
  7555 | Ossuary  | Entered an ossuary
  7894 | D:7      | Reached skill level 9 in Staves
  8586 | D:7      | Reached skill level 8 in Fighting
  8861 | D:7      | Reached skill level 10 in Staves
  8861 | D:7      | Reached XP level 10. HP: 59/89 MP: 11/11
  9611 | D:8      | Found a staircase to the Lair.
  9611 | D:8      | Noticed an elephant
 10593 | D:7      | Killed an elephant
 10594 | D:7      | Reached skill level 1 in Armour
 10594 | D:7      | Reached skill level 1 in Invocations
 11017 | D:8      | Reached skill level 9 in Fighting
 11357 | D:8      | Reached *** piety under Nemelex Xobeh
 11408 | D:8      | Found a basalt altar of Yredelemnul.
 11475 | D:8      | Found a hazy altar of Hepliaklqana.
 11933 | D:9      | Noticed Pikel
 11950 | D:9      | Killed Pikel
 11951 | D:9      | Reached skill level 2 in Armour
 11951 | D:9      | Reached skill level 2 in Invocations
 12017 | D:9      | Reached skill level 11 in Staves
 12165 | D:9      | Reached skill level 3 in Invocations
 12291 | D:9      | Received a gift from Nemelex Xobeh
 12777 | D:9      | Reached skill level 3 in Armour
 12777 | D:9      | Reached XP level 11. HP: 87/97 MP: 12/12
 12928 | D:9      | Noticed a cyclops
 12938 | D:9      | Killed a cyclops
 13290 | D:9      | Received a gift from Nemelex Xobeh
 13477 | D:10     | Entered Level 10 of the Dungeon
 13528 | D:10     | Reached skill level 4 in Invocations
 13971 | D:10     | Noticed a two-headed ogre
 13973 | D:10     | a two-headed ogre changed into a water nymph
 13999 | D:10     | Reached **** piety under Nemelex Xobeh
 14015 | D:10     | Reached skill level 10 in Fighting
 14203 | D:10     | Received a gift from Nemelex Xobeh
 14315 | D:10     | Found a snail-covered altar of Cheibriados.
 14337 | D:10     | Reached skill level 12 in Staves
 14337 | D:10     | Reached skill level 4 in Armour
 14792 | D:9      | Reached skill level 5 in Invocations
 15110 | D:11     | Identified a scroll of acquirement
 15110 | D:11     | Acquired 519 gold pieces
 15319 | D:11     | Noticed a five-headed hydra
 15334 | D:11     | Killed a five-headed hydra
 15340 | D:11     | Received a gift from Nemelex Xobeh
 16366 | D:11     | Reached skill level 6 in Invocations
 16509 | D:11     | Noticed a two-headed ogre
 16532 | D:11     | Killed a two-headed ogre
 16533 | D:11     | Reached skill level 13 in Staves
 17075 | Lair:1   | Entered Level 1 of the Lair of Beasts
 17152 | Lair:1   | Reached XP level 12. HP: 27/106 MP: 15/15
 17549 | Lair:1   | Received a gift from Nemelex Xobeh
 17602 | Lair:1   | Reached skill level 1 in Evocations
 17780 | Lair:1   | Reached ***** piety under Nemelex Xobeh
 17869 | Lair:1   | Reached skill level 2 in Evocations
 17886 | Lair:1   | Received a gift from Nemelex Xobeh
 17906 | Lair:1   | Found a burning altar of Makhleb.
 18726 | Lair:2   | Received a gift from Nemelex Xobeh
 18817 | Lair:2   | Found a hole to the Spider Nest.
 18858 | Lair:2   | Reached skill level 5 in Armour
 18954 | Lair:2   | Reached skill level 14 in Staves
 18954 | Lair:2   | Reached skill level 3 in Evocations
 19425 | Lair:2   | Received a gift from Nemelex Xobeh
 19848 | Lair:3   | Reached skill level 4 in Evocations
 20208 | Lair:3   | Reached skill level 6 in Armour
 20369 | Lair:3   | Noticed a seven-headed hydra
 20384 | Lair:3   | Killed a seven-headed hydra
 20385 | Lair:3   | Reached skill level 7 in Armour
 20396 | Lair:3   | Noticed a four-headed hydra
 20802 | Lair:3   | Killed a four-headed hydra
 21134 | Lair:3   | Received a gift from Nemelex Xobeh
 21792 | Lair:3   | Reached skill level 8 in Armour
 22202 | Lair:4   | Reached XP level 13. HP: 81/113 MP: 16/16
 22452 | Lair:4   | Received a gift from Nemelex Xobeh
 22555 | Lair:4   | Noticed a Tzitzimitl
 22555 | Lair:4   | a hell rat changed into a Tzitzimitl
 22555 | Lair:4   | Noticed a quicksilver ooze
 22555 | Lair:4   | a six-headed hydra changed into a quicksilver ooze
 22564 | Lair:4   | Reached skill level 7 in Invocations
 22885 | Lair:4   | Banished a Tzitzimitl
 22886 | Lair:4   | Reached skill level 11 in Fighting
 23007 | Lair:4   | Killed a quicksilver ooze
 23008 | Lair:4   | Reached skill level 8 in Invocations
 23614 | Lair:4   | Acquired 735 gold pieces
 23617 | Lair:4   | Found a transporter.
 23654 | Lair:4   | Reached skill level 9 in Invocations
 23659 | Lair:4   | Found a transporter.
 23662 | Lair:4   | Noticed Peloso's ghost (journeyman MiFi)
 23806 | Lair:4   | Reached skill level 12 in Fighting
 23835 | Lair:4   | Reached skill level 1 in Dodging
 24010 | Lair:4   | Reached skill level 2 in Dodging
 24115 | Lair:4   | Reached skill level 3 in Dodging
 24161 | Lair:4   | Found a staircase to the Swamp.
 24497 | Lair:5   | HP: 3/118 [eight-headed hydra (4)]
 24497 | Lair:5   | Slain by an eight-headed hydra

Illustrated notes

Levels and vault maps discovered:
D:1:      minmay_arrival_radiant_lines, layout_loops_cross,
          minmay_misc_feat_nine_boxes, minmay_octomino_c4
D:2:      layout_loops_ring, minmay_misc_feat_four_crosses,
          grunt_decor_one_mirror
D:3:      layout_basic, minmay_diced_spiral
D:4:      layout_basic, minmay_temple_entry_ruins, ebering_ghost_disaster_area,
          minmay_tree_intersection, uniq_grinder
D:5:      layout_loops_ring, chequers_serial_rivers_micro_a
D:6:      lemuel_slime, layout_cave_pods, uniq_duvessa
D:7:      layout_basic, enter_ossuary_2, minmay_increasing_density
D:8:      layout_loops_cross, david_lair_generic, hangedman_feature_mirror,
          minmay_crossroads
D:9:      layout_basic, uniq_pikel
D:10:     layout_cave_pools, kennysheep_little_box, small_statue_intersection,
          hangedman_decor_growths
D:11:     kennysheep_big_flooded_room, layout_stronghold, gauntlet_entry_generic
Temple:   nicolae_temple_the_god_donut
Lair:1:   layout_long_grid, basic_altar, grunt_megastairs_2,
          serial_bayou_shore_a, lemuel_fruit_tree, lemuel_fruit_fields
Lair:2:   layout_gridlike, spider_nest_entry_web_field, grunt_megastairs_5,
          serial_bayou_shore_b
Lair:3:   layout_small_grid
Lair:4:   layout_hall_layers, nicolae_swamp_entry_splash_gauntlet, special_room
          [special_room_mythical_zoo], gammafunk_ghost_berserking_beasts,
          infiniplex_staircase_pool
Lair:5:   layout_small_grid, slime_altar_1, serial_bayou_pond_b

Skill      XL: |  1  2  3  4  5  6  7  8  9 10 11 12 13 |
---------------+----------------------------------------+-----
Unarmed Combat | 1 |  1.8
Stealth        | 1 2 3 |  3.0
Staves         | 1 2 3 4 6 8 10 11 13 14 | 14.0
Fighting       | 2 3 5 6 8 9 10 12 | 12.0
Armour         | 3 4 8 |  8.0
Invocations    | 3 6 9 |  9.0
Evocations     | 4 |  4.0
Dodging        | 3 |  3.8
Axes           | |  1.7
Shields        | |  1.7
Spellcasting   | |  1.7
Transmutations | |  2.6

Action                   |  1- 3 |  4- 6 |  7- 9 | 10-12 | 13-15 || total
-------------------------+-------+-------+-------+-------+-------++-------
Melee: Unarmed           |    14 |       |       |       |       ||    14
       Quarterstaff      |    35 |    85 |   386 |   813 |   303 ||  1622
Throw: Boomerang         |     3 |    14 |    44 |    39 |     8 ||   108
       Dart              |       |       |    19 |    84 |     7 ||   110
 Cast: Sting             |    33 |     5 |       |       |       ||    38
Invok: Draw Destruction  |       |       |     2 |     6 |     4 ||    12
       Draw Summoning    |       |       |     1 |     1 |     1 ||     3
       Stack Five        |       |       |       |     1 |     1 ||     2
       Draw Stack        |       |       |       |       |     3 ||     3
Evoke: Wand              |       |       |     2 |    14 |     1 ||    17
       Box of beasts     |       |       |       |     1 |       ||     1
  Use: Scroll            |     1 |     2 |     2 |    15 |     4 ||    24
 Stab: Distracted        |     1 |       |       |       |       ||     1
       Sleeping          |       |     2 |       |       |       ||     2
       Paralysed         |       |       |       |     3 |       ||     3
Armor: Robe              |     3 |       |       |       |       ||     3
       Ring mail         |    26 |    26 |    77 |    22 |       ||   151
       Chain mail        |       |       |    19 |       |       ||    19
       Plate armour      |       |       |       |   317 |   174 ||   491
Dodge: Dodged            |    40 |    41 |   136 |   144 |    70 ||   431

Table legend: (Time is in decaauts)
 A = Elapsed time spent in this place.
 B = Non-inter-level travel time spent in this place.
 C = Inter-level travel time spent in this place.
 D = Time resting spent in this place.
 E = Time spent auto-exploring this place.
 F = Levels seen in this place.
 G = Mean time per level.
                   A        B        C        D        E       F      G
               +--------+--------+--------+--------+--------+-----+--------+
         Total |  24216 |  23487 |    729 |   6339 |  12290 |  18 | 1345.3 |
       Dungeon |  16536 |  15941 |    595 |   3923 |   8625 |  11 | 1503.3 |
        Temple |    164 |    155 |      9 |    130 |      0 |   1 |  164.0 |
          Lair |   7205 |   7081 |    124 |   2261 |   3559 |   5 | 1441.0 |
       Ossuary |    310 |    310 |      0 |     24 |    106 |   1 |  310.0 |
               +--------+--------+--------+--------+--------+-----+--------+

Top non-repeatable levels by time:
     D:9: 2174 daAuts
     D:7: 2174 daAuts
  Lair:3: 2146 daAuts
  Lair:4: 2129 daAuts
     D:8: 1859 daAuts
    D:11: 1696 daAuts
     D:5: 1649 daAuts
     D:6: 1555 daAuts
  Lair:2: 1454 daAuts
     D:4: 1398 daAuts
  Lair:1: 1302 daAuts
    D:10: 1261 daAuts
     D:1: 1048 daAuts
     D:2: 868 daAuts
     D:3: 847 daAuts
